AoeStats
← schmeno

Arabia

509174869Analyzed
1v1 RM · 7d ago on Sep 25, 2026· 46m 34s· 2 players
Game mode
Random Map
Map size
Tiny (2 player)
Population
200
Speed
Normal
Resources
Standard
Victory
Conquest
Starting age
Dark Age
Ending age
Imperial Age
RankedLock teamsTeams togetherTeam positionsShared explorationLock speedFull tech treeHidden civsTurbo modeCheats
Victory
Defeat
🇺🇸 Saxons · United States
1146
+16
🇬🇧 Saxons · United Kingdom
1148
-16
schmeno
6:26 Loom
9:12 Feudal Age
10:07 Double-Bit Axe
18:49 Castle Age
17:07 Horse Collar
20:01 Bow Saw
23:36 Wheelbarrow
22:50 Town Watch
26:44 Gold Mining
30:02 Imperial Age
27:41 Fletching
28:41 Thumb Ring
28:04 Crossbowman
29:35 Bloodlines
29:31 Scale Barding Armor
30:02 Forging
29:54 Husbandry
30:57 Ballistics
31:56 Chemistry
30:41 Arbalester
31:33 Stone Mining
31:52 Bodkin Arrow
31:58 Padded Archer Armor
33:15 Bracer
34:01 Leather Archer Armor
34:20 Illumination
34:11 Block Printing
34:00 Cavalier
35:27 Iron Casting
34:53 Scale Mail Armor
36:05 Ring Archer Armor
36:59 Conscription
36:07 Capped Ram
39:08 Sanctity
38:44 Siege Ram
38:59 Cavalier
42:10 Chain Barding Armor
42:06 Chain Mail Armor
45:29 Light Cavalry
Coolfool
9:26 Loom
11:12 Feudal Age
17:00 Castle Age
15:52 Double-Bit Axe
16:20 Stone Mining
18:17 Bow Saw
19:18 Horse Collar
20:51 Town Watch
24:59 Gold Mining
26:53 Heavy Plow
30:00 Wheelbarrow
32:40 Imperial Age
30:40 Scale Mail Armor
30:50 Forging
31:48 Gold Shaft Mining
31:36 Hand Cart
31:08 Man-at-Arms
31:51 Squires
33:19 Chain Mail Armor
33:39 Iron Casting
32:55 Gambesons
32:32 Long Swordsman
32:34 Pikeman
33:02 Arson
34:07 Crop Rotation
34:15 Conscription
33:42 Shield Wall
33:56 Two-Handed Swordsman
35:25 Plate Mail Armor
36:33 Fletching
36:44 Padded Archer Armor
37:06 Elite Skirmisher
37:52 Thumb Ring
37:46 Bodkin Arrow
39:09 Bracer
39:25 Leather Archer Armor
42:34 Two-Man Saw
43:03 Chemistry
42:26 Ballistics
43:07 Chemistry
41:35 Halberdier
47:31 Ring Archer Armor
Connection lost

Rejoining the realm…

Still unreachable

The connection could not be restored.

Session expired

The server has moved on; the page needs a fresh start.